 Zot Defence DCSS version 0.16-a0-1157-gec61f8e (webtiles) character file.

369 Kashira the Chopper (level 6, -5/62 HPs)
             Began as a Troll Berserker on Oct 8, 2014.
             Was a Follower of Trog.
             Slain by a troll (8 damage)
             ... in the Realm of Zot (Scenario I: Hall of Zot).
             The game lasted 00:05:24 (521 turns).

Kashira the Chopper (Troll Berserker)                Turns: 521, Time: 00:05:24

Health: -5/62      AC:  5    Str: 26    XL:     6   Next: 41%
Magic:  3/3        EV: 10    Int:  5    God:    Trog [*.....]
Gold:   0          SH:  0    Dex:  9    Spells: 0 memorised, 5 levels left

rFire  . . .     SeeInvis .     a - +0 hand axe
rCold  . . .     Clarity  .     b - +0 animal skin
rNeg   . . .     SustAb   .     (shield restricted)
rPois  .         Gourm    +     (helmet restricted)
rElec  .         Spirit   .     (no cloak)
rCorr  .         Warding  .     (gloves unavailable)
rMut   .         Stasis   .     (boots unavailable)
MR     .....                    (no amulet)
Stlth  +.........               (no ring)
                                (no ring)

@: exhausted, very slightly contaminated, hasted and slowed, not resistant to
hostile enchantments, very unstealthy
A: unfitting armour, claws 3, fast metabolism 3, gourmand, regeneration 2,
saprovore 2, shaggy fur 1, tough skin 2
a: Make oklob sapling, Make arrow trap, Make plant, Remove Curse, Make burning
bush, Make altar, Make grenades, Burn Spellbooks, Berserk, Renounce Religion


You were in the Realm of Zot.
You worshipped Trog.
Trog was aware of your devotion.
You were not hungry.

You visited 1 branch

Inventory:

Hand weapons
 a - a +0 hand axe (weapon)
Armour
 b - a +0 animal skin (worn)
Comestibles
 d - 2 meat rations
 j - a rotting chunk of bat flesh
Scrolls
 i - a scroll of blinking
Potions
 c - 2 potions of curing
 g - 2 potions of magic
 h - a potion of berserk rage


   Skills:
 + Level 4.0 Fighting
 + Level 4.3 Axes
 + Level 2.0 Armour
 + Level 2.7 Dodging


You had 5 spell levels left.
You didn't know any spells.

Dungeon Overview and Level Annotations

Branches:
    Zot (1/1)

Altars:


Innate Abilities, Weirdness & Mutations

You are too large for most types of armour.
You have claws for hands.
Your metabolism is lightning-fast.
You like to eat raw meat.
You heal very quickly.
You can eat rotten meat.
You are covered in fur (AC +1).
You have very tough skin (AC +2).


Message History

The gnoll misses you. The gnoll closely misses you. The troll bites you.
* * * LOW HITPOINT WARNING * * *
The troll claws you.
* * * LOW HITPOINT WARNING * * *
The troll claws you!
* * * LOW HITPOINT WARNING * * *
A troll comes into view.
You slash the gnoll!
The gnoll is severely wounded.
You closely miss the gnoll.
The gnoll is moderately wounded.
You hit the troll but do no damage.
The troll is moderately wounded.
The gnoll hits you with a club.
* * * LOW HITPOINT WARNING * * *
The gnoll hits you from afar with a spear.
* * * LOW HITPOINT WARNING * * *
The gnoll closely misses you. The troll bites you but does no damage.
The troll claws you!
You die...

######### ######### ....####
####.... .......### ###.......
.........## ##.........
..........# ▓▓▓▓▓▓▓▓▓ #..........
..........▓▓▓.......▓▓▓..........
..........▓▓.........▓▓..........
..........▓......T)...▓(.........
..........)..))g@gg%g)T..........
..........▓.....P%....▓..........
..........▓▓.........▓▓..........
..........▓▓▓.......▓▓▓..........
..........▓ ▓▓▓▓▓▓▓▓▓ ▓..........
.........▓▓ ▓▓.........
.......▓▓▓ ▓▓▓....... ....▓▓▓▓
▓▓▓▓.... ▓▓▓▓▓▓▓▓ ▓▓▓▓▓▓▓▓


You could see 2 trolls, 4 gnolls and a friendly oklob sapling.

Vanquished Creatures
  A big kobold (Zot)
  A gnoll sergeant (Zot)
  2 gnolls (Zot)
  A kobold (Zot)
  3 bats (Zot)
  2 giant newts (Zot)
10 creatures vanquished.

Vanquished Creatures (collateral kills)
  A big kobold skeleton (Zot)
  2 gnolls (Zot)
  A worm (Zot)
  A ball python (Zot)
  A goblin (Zot)
  A hobgoblin (Zot)
  8 kobolds (Zot)
  2 bats (Zot)
  A giant cockroach (Zot)
  4 giant newts (Zot)
  4 rats (Zot)
26 creatures vanquished.

Vanquished Creatures (others)
  An oklob sapling (Zot)
1 creature vanquished.

Grand Total: 37 creatures vanquished

Notes
Turn   | Place    | Note
--------------------------------------------------------------
     0 | Zot      | Kashira, the Troll Berserker, began the quest for the Orb.
     0 | Zot      | Reached XP level 1. HP: 22/22 MP: 1/1
   210 | Zot      | Reached XP level 2. HP: 29/29 MP: 1/1
   338 | Zot      | Reached XP level 3. HP: 34/36 MP: 2/2
   365 | Zot      | Reached skill level 3 in Fighting
   432 | Zot      | Reached XP level 4. HP: 45/45 MP: 2/2
   441 | Zot      | Noticed Nawkeofi
   463 | Zot      | Killed Nawkeofi the big kobold
   463 | Zot      | Reached XP level 5. HP: 51/53 MP: 2/2
   505 | Zot      | Reached skill level 4 in Axes
   505 | Zot      | Reached XP level 6. HP: 62/62 MP: 3/3
   513 | Zot      | Noticed a troll
   521 | Zot      | Noticed a troll
   521 | Zot      | HP: 3/62 [gnoll/spear (4)]
   521 | Zot      | Slain by a troll

Action                   |  1- 3 |  4- 6 || total
-------------------------+-------+-------++-------
Melee: Hand axe          |    26 |    29 ||    55
Invok: Berserk           |       |     1 ||     1
 Abil: Make oklob saplin |     2 |       ||     2
  Use: Potion            |       |     3 ||     3
 Stab: Distracted        |       |     1 ||     1
